 Dungeon Crawl Stone Soup version 0.20.0-15-g7f486f2 (webtiles) character file.

79 Chiseanne the Magician (level 4, -1/30 HPs)
             Began as a Demonspawn Wizard on June 15, 2017.
             Slain by a gnoll
             ... wielding a cursed -3 club
              (5 damage)
             ... on level 2 of the Dungeon.
             The game lasted 00:03:47 (2365 turns).

Chiseanne the Magician (Demonspawn Wizard)          Turns: 2365, Time: 00:03:47

Health: -1/30      AC:  5    Str:  7    XL:     4   Next: 17%
Magic:  0/10       EV: 12    Int: 21    God:
Gold:   23         SH:  0    Dex: 11    Spells: 2/11 levels left

rFire    . . .     SeeInvis .   a - +1 mace
rCold    . . .     Gourm    .   (no shield)
rNeg     . . .     Faith    .   e - +0 robe
rPois    .         Spirit   .   b - +0 hat
rElec    .         Reflect  .   (no cloak)
rCorr    .         Harm     .   (no gloves)
MR       .....                  o - +0 pair of boots
Stlth    ++........             (no amulet)
Regen    0.1/turn               (no ring)
MPRegen  0.2/turn               (no ring)

@: very slightly contaminated, invisible
A: icy blue scales 1
a: no special abilities


You were on level 2 of the Dungeon.
You were very hungry.

You visited 1 branch of the dungeon, and saw 3 of its levels.

You collected 23 gold pieces.

Inventory:

Hand Weapons
 a - a +1 mace (weapon)
 s - a +0 dagger of venom
Missiles
 g - 44 stones (quivered)
 q - 38 sling bullets
Armour
 b - a +0 hat (worn)
 e - a +0 robe (worn)
 o - a +0 pair of boots (worn)
Scrolls
 c - 2 scrolls of remove curse
 l - 2 scrolls of teleportation
Potions
 h - a potion of brilliance
 k - a potion of might {unknown}
 m - a potion of agility {unknown}
 n - a potion of lignification {unknown}
Comestibles
 d - 3 bread rations
 f - a royal jelly


   Skills:
 - Level 1.7 Dodging
 - Level 1.7 Stealth
 * Level 4.0 Spellcasting
 * Level 2.8 Conjurations
   Level 1.0 Summonings
 - Level 0.8 Translocations


You had 2 spell levels left.
You knew the following spells:

 Your Spells              Type           Power        Failure   Level  Hunger
a - Magic Dart            Conj           ###.         3%          1    None
b - Blink                 Tloc           N/A          13%         2    #......
c - Conjure Flame         Conj/Fire      ##......     21%         3    ###....
d - Mephitic Cloud        Conj/Pois/Air  #.......     24%         3    ###....


Dungeon Overview and Level Annotations

Branches:
Dungeon (3/15)

Altars:


Innate Abilities, Weirdness & Mutations

You are partially covered in icy blue scales. (AC +2)


Message History

The gnoll is heavily wounded.
The gnoll barely misses you.
You see here a club.
Casting: Magic Dart
Confirm with . or Enter, or press ? or * to list all spells.
Aiming: Magic Dart
Press: ? - help, Shift-Dir - straight line, f/p - gnoll
Aim: a gnoll, wielding a club (heavily wounded)
The magic dart hits the gnoll.
The gnoll is heavily wounded.
The gnoll hits you with a club.
* * * LOW HITPOINT WARNING * * *
You completely miss the gnoll.
The gnoll is heavily wounded.
The gnoll hits you with a club.
* * * LOW HITPOINT WARNING * * *
It was a potion of invisibility.
You fade into invisibility!
The gnoll hits you with a club.
You die...

# #)#.### ##.....## #####>#### #
#.#..## ##.......## #........#
###.#...####..)......###.....##.#
...........'.........'...........
###......###........)#.......##.#
####.#.# ##.......###.....###.#
###.# ##.....## ##........# #.#
##...#######.####### #.#
#.@g..>..##.#
###.######..#####.##.#
#........#..#####.##.#
#.#....#.#..##.......#
#.#......#...#.##.####
#.#............##.#
#.#.........).....#
#.##...#.##.##.####
#.######.#######


You could see a gnoll.

Vanquished Creatures
  2 gnolls
  An adder (D:2)
  A worm (D:2)
  2 dart slugs
  A leopard gecko (D:1)
  A giant cockroach (D:1)
  6 goblins
  5 hobgoblins
  4 jackals (D:1)
  A ball python (D:2)
  5 bats
  4 frilled lizards
  7 kobolds
  3 rats
43 creatures vanquished.

Notes
Turn   | Place    | Note
-------+----------+-------------------------------------------
     0 | D:1      | Chiseanne the Demonspawn Wizard began the quest for the Orb.
     0 | D:1      | Reached XP level 1. HP: 13/13 MP: 4/4
   259 | D:1      | Gained mutation: You are partially covered in icy blue scales. (AC +2) [demonic ancestry]
   259 | D:1      | Reached XP level 2. HP: 19/19 MP: 0/6
   710 | D:1      | Reached XP level 3. HP: 24/24 MP: 0/8
  1017 | D:1      | Learned a level 2 spell: Blink
  1021 | D:1      | Learned a level 3 spell: Conjure Flame
  1025 | D:1      | Learned a level 3 spell: Mephitic Cloud
  2059 | D:2      | Reached XP level 4. HP: 30/30 MP: 4/9
  2347 | D:3      | Reached skill level 4 in Spellcasting
  2365 | D:2      | Slain by a gnoll

Skill      XL: |  1  2  3  4 |
---------------+-------------+-----
Conjurations   | 2 |  2.8
Spellcasting   | 4 |  4.0
Dodging        | |  1.7
Stealth        | |  1.7
Summonings     | |  1.0
Translocations | |  0.8

Action                   |  1- 3 |  4- 6 || total
-------------------------+-------+-------++-------
Melee: Mace              |    19 |     8 ||    27
 Cast: Magic Dart        |    91 |    13 ||   104
  Use: Scroll            |     4 |     4 ||     8
       Potion            |       |     1 ||     1
  Eat: Chunk             |     2 |     1 ||     3
Armor: Robe              |     9 |     3 ||    12
Dodge: Dodged            |    27 |    10 ||    37
